 Dungeon Crawl Stone Soup version 0.17-a0-702-gb3a3556 (webtiles) character file.

1213 Pnognoglozu the Agent of Entropy (level 8, -13/63 HPs)
             Began as a Demonspawn Abyssal Knight on Apr 19, 2015.
             Was a Priest of Lugonu.
             Killed by nerve-wracking pain
             ... invoked by a shadow imp
             ... summoned by a kobold demonologist
              (14 damage)
             ... on level 6 of the Dungeon.
             The game lasted 00:17:19 (5673 turns).

Pnognoglozu the Agent of Entropy (DsAK)             Turns: 5673, Time: 00:17:19

Health: -13/63     AC: 15    Str: 13      XL:     8   Next: 22%
Magic:  2/12       EV: 18    Int: 14      God:    Lugonu [***...]
Gold:   268        SH:  0    Dex: 15 (17) Spells: 0 memorised, 7 levels left

rFire  . . .     SeeInvis .     a - +1 falchion
rCold  . . .     Clarity  .     b - +0 leather armour
rNeg   . . .     SustAb   .     (no shield)
rPois  .         Gourm    .     (no helmet)
rElec  .         Spirit   .     B - +1 cloak
rCorr  .         Warding  .     l - +0 pair of gloves
rMut   .         Stasis   .     E - +0 pair of boots
MR     .....                    (no amulet)
Stlth  +++.......               (no ring)
                                y - ring of flight

@: agile, lethally poisoned (-13 -> -29), weakened, not resistant to hostile
enchantments, fairly stealthy
A: rough black scales 2, nightstalker 1, powered by death 1
a: Depart the Abyss, Bend Space, Banish, Renounce Religion, Evoke Flight


You were on level 6 of the Dungeon.
You worshipped Lugonu.
Lugonu was most pleased with you.
You were very hungry.

You visited 1 branch of the dungeon, and saw 6 of its levels.
You visited the Abyss 1 time.

You collected 268 gold pieces.

Inventory:

Hand weapons
 a - a +1 falchion (weapon)
 o - a +1 dagger of speed
Armour
 b - a +0 leather armour (worn)
 l - a +0 pair of gloves (worn)
 B - a +1 cloak (worn)
 E - a +0 pair of boots (worn)
Jewellery
 g - an uncursed amulet of resist mutation
 y - a ring of flight (left hand)
Scrolls
 e - 4 scrolls of remove curse {unknown}
 j - a scroll of noise {unknown}
 k - 4 scrolls of identify {unknown}
 p - a scroll of amnesia {unknown}
 r - 2 scrolls of fog {unknown}
 s - 3 scrolls of teleportation {unknown}
 u - a scroll of enchant armour {unknown}
 z - a scroll of fear {unknown}
 H - a scroll of enchant weapon {unknown}
Potions
 d - 2 potions of agility
 i - 2 potions of brilliance {unknown}
 n - a potion of restore abilities {unknown}
 t - a potion of experience {unknown}
 v - a potion of magic {unknown}
 w - 2 potions of heal wounds {unknown}
 x - 3 potions of curing
 C - a potion of flight {unknown}
 D - a potion of cancellation {unknown}
 G - a potion of poison {unknown}
Books
 f - a book of Cantrips

   Spells                             Type                      Level
   a - Corona                         Hexes                        1
   b - Animate Skeleton               Necromancy                   1
   c - Summon Small Mammal            Summoning                    1
   d - Apportation                    Translocation                1
Comestibles
 c - 5 bread rations
 h - 3 beef jerkies
 m - 3 slices of pizza
 q - 3 meat rations
 A - a royal jelly
 F - 7 chunks of flesh
 I - 2 fruits


   Skills:
 + Level 5.6 Fighting
 + Level 4.1 Long Blades
 + Level 4.2 Armour
 + Level 4.0 Dodging
 + Level 6.0 Invocations


You had 7 spell levels left.
You didn't know any spells.

Dungeon Overview and Level Annotations

Branches:
Dungeon (6/15)             Temple (0/1) D:5

Altars:
Ashenzari


Innate Abilities, Weirdness & Mutations

You are mostly covered in rough black scales (AC +7, Dex -2).
You are slightly more attuned to the shadows.
You can steal the life force of nearby defeated enemies.


Message History

The quasit barely misses you.
The quasit claws you but does no damage.
The red devil misses you.
The quasit bites you but does no damage.
The quasit closely misses you. x2
You hit the kobold demonologist but do no damage.
The kobold demonologist is severely wounded.
* * * LOW HITPOINT WARNING * * *
You feel sick.
The shadow imp hits you but does no damage.
The quasit barely misses you. The quasit misses you.
The quasit claws you but does no damage.
The kobold demonologist hits you but does no damage.
The quasit bites you but does no damage.
The quasit barely misses you. x2
The orange demon closely misses you.
The orange demon stings you but does no damage.
The shadow imp gestures at you. Pain shoots through your body!
You die...

...................
....................
.....................
..[...................
......................
.......................
................4......
.................5......
#.............4.@5......
................K5......
................4....##
#...................##
#.#.................#
#.#.................#
##......... ......#
#<#....... ... #........


You could see 2 orange demons, a kobold demonologist, a red devil, 2 quasits and
a shadow imp.

Vanquished Creatures
  The ghost of Pnognoglozu the Skirmisher, an average DsAK of Lugonu (D:4)
  2 ogres
  5 centaurs (D:5)
  A scorpion (D:4)
  A crimson imp (D:5)
  A hound (D:4)
  An iguana (D:4)
  2 orc priests
  A centaur skeleton (D:4)
  An orc wizard (D:5)
  3 worker ants (D:4)
  4 adders
  4 gnolls
  A shadow imp (D:5)
  4 oozes
  2 worms
  5 giant geckos
  11 orcs
  A bat skeleton (D:4)
  2 giant cockroaches
  17 goblins
  7 hobgoblins
  4 jackals (D:3)
  7 bats
  4 giant newts
  7 kobolds
  12 rats
111 creatures vanquished.

Notes
Turn   | Place    | Note
--------------------------------------------------------------
     0 | Abyss:1  | Pnognoglozu, the Demonspawn Abyssal Knight, began the quest for the Orb.
     0 | Abyss:1  | Reached XP level 1. HP: 18/18 MP: 2/2
    45 | Abyss:1  | Noticed an ancient zyme
    56 | Abyss:1  | Noticed a hell hound
    58 | D:1      | Escaped the Abyss
    85 | D:1      | Reached skill level 1 in Dodging
   471 | D:1      | Acquired Lugonu's first power
   498 | D:1      | Gained mutation: You are partially covered in rough black scales (AC +4, Dex -1). [demonic ancestry]
   498 | D:1      | Reached XP level 2. HP: 22/24 MP: 3/3
  1067 | D:2      | Gained mutation: You are mostly covered in rough black scales (AC +7, Dex -2). [demonic ancestry]
  1067 | D:2      | Reached XP level 3. HP: 29/29 MP: 4/4
  1868 | D:3      | Gained mutation: You can steal the life force of nearby defeated enemies. [demonic ancestry]
  1868 | D:3      | Reached XP level 4. HP: 27/36 MP: 6/6
  2376 | D:3      | Acquired Lugonu's second power
  2483 | D:4      | Noticed an ogre
  2749 | D:3      | Reached XP level 5. HP: 39/42 MP: 7/7
  3206 | D:4      | Reached skill level 4 in Fighting
  3375 | D:4      | Killed an ogre
  3375 | D:4      | Gained mutation: You are slightly more attuned to the shadows. [demonic ancestry]
  3375 | D:4      | Reached XP level 6. HP: 22/49 MP: 7/9
  3629 | D:4      | Noticed Pnognoglozu's ghost (average DsAK)
  4087 | D:4      | Killed Pnognoglozu's ghost
  4087 | D:4      | Reached XP level 7. HP: 12/55 MP: 10/10
  4442 | D:5      | Entered Level 5 of the Dungeon
  4500 | D:5      | Reached skill level 5 in Invocations
  4502 | D:5      | Found a staircase to the Ecumenical Temple.
  4537 | D:5      | Acquired Lugonu's third power
  4724 | D:5      | Reached skill level 5 in Fighting
  4959 | D:5      | Found a shattered altar of Ashenzari.
  5075 | D:5      | Reached XP level 8. HP: 52/62 MP: 12/12
  5453 | D:5      | Reached skill level 6 in Invocations
  5641 | D:6      | Noticed a kobold demonologist
  5658 | D:6      | Noticed an orange demon
  5660 | D:6      | Noticed a red devil
  5670 | D:6      | Noticed an orange demon
  5672 | D:6      | HP: 3/63 [poisoned by an orange demon]
  5673 | D:6      | HP: 1/63 [poisoned by an orange demon]
  5673 | D:6      | Killed from afar by a shadow imp

Action                   |  1- 3 |  4- 6 |  7- 9 || total
-------------------------+-------+-------+-------++-------
Melee: Falchion          |   148 |   228 |   210 ||   586
Invok: Depart the Abyss  |     1 |       |       ||     1
       Banish            |       |       |     3 ||     3
  Use: Potion            |       |       |     2 ||     2
 Stab: Sleeping          |       |       |     1 ||     1
  Eat: Chunk             |     3 |     8 |     5 ||    16
